Saguenéens vs Carnivores
Created - February 14, 2018 at 23:00
Goals
|
| Saguenéens |
0 |
2 |
1 |
3 |
| Carnivores |
1 |
1 |
2 |
4 |
|
Shots
|
| Saguenéens |
2 |
12 |
13 |
27 |
| Carnivores |
6 |
14 |
16 |
36 |
|
1st period
1. Carnivores , Steve Begin 5 (Chris Lawrence 25, Anton Gustafsson 31) at 19:41
Penalties :
Luke Witkowski (Chi) for Hooking (Minor) at 3:06, Mason Raymond (Chi) for High sticking (Minor) at 13:44, Mark McNeill (Bre) for Holding (Minor) at 16:39
2nd period
2. Carnivores , Steve Begin 6 (Chris Lawrence 26, Blake Geoffrion 40) at 8:55
3. Saguenéens , Rhett Rakhshani 18 (Carl Hagelin 27, Juraj Mikus 35) at 15:56
4. Saguenéens , Mason Raymond 28 (Zac Rinaldo 45) at 19:45 (PP)
Penalties :
Jeremy Williams (Bre) for Roughing (Minor) at 5:36, Mat Clark (Bre) for Hooking (Minor) at 19:02
3rd period
5. Carnivores , Anton Gustafsson 16 (Blake Geoffrion 41, Jeremy Williams 13) at 6:27 (PP)
6. Saguenéens , Rhett Rakhshani 19 (Carl Hagelin 28, Nicholas Walters 4) at 9:44
7. Carnivores , Anton Gustafsson 17 (Blake Geoffrion 42, Sasha Pokulok 22) at 19:41
Penalties :
Nick Mattson (Chi) for Close Hand On Puck (Minor) at 4:42, Jeremy Williams (Bre) for Interference (Minor) at 15:11, Brett Lebda (Chi) for Diving (Minor) at 15:16, Luke Witkowski (Chi) for Hooking (Minor) at 19:46
Goalie Stats
Martin Jones (Chi), 32 saves from 36 shots - (0.889), L, 4-4-0, 60:00 minutes
Mike McKenna (Bre), 24 saves from 27 shots - (0.889), W, 9-5-2, 60:00 minutes
Players Stats for Saguenéens
Player Name G A P +/- PIM S H SB GA TA FO MP PP MP PK MP
------------------------------------------------------------------------------------
Artur Gavrus 0 0 0 -1 0 0 0 0 0 0 0/1 2:23 0:00 1:30
Brett Lebda 0 0 0 -3 2 2 2 1 1 0 0/0 29:07 3:00 3:09
Brody Sutter 0 0 0 -1 0 0 0 0 0 0 0/0 1:41 0:02 0:00
Carl Hagelin 0 2 2 2 0 2 5 0 0 1 0/0 18:24 2:12 1:23
Craig Cunningham 0 0 0 -1 0 1 3 0 1 1 0/1 14:11 0:00 1:35
Henrik Samuelsson 0 0 0 0 0 1 0 0 0 1 0/1 5:41 0:00 0:00
Jake McCabe 0 0 0 1 0 0 0 5 0 0 0/0 24:42 1:45 3:13
Jerry D'Amigo 0 0 0 -1 0 2 2 1 0 0 0/0 12:56 0:02 0:00
Juraj Mikus 0 1 1 2 0 0 6 2 0 0 6/13 16:36 2:12 0:00
Luke Witkowski 0 0 0 0 4 5 2 3 0 2 0/0 26:39 3:01 1:27
Mason Raymond 1 0 1 -1 2 3 3 0 0 0 4/7 23:29 2:32 2:08
Mikhail Grigorenko 0 0 0 -1 0 0 0 0 0 0 0/0 5:54 0:02 1:03
Nicholas Walters 0 1 1 -1 0 0 1 1 0 0 0/0 14:12 0:00 1:35
Nick Mattson 0 0 0 1 2 1 0 1 0 0 0/0 22:30 1:45 2:38
Rhett Rakhshani 2 0 2 2 0 5 3 1 0 0 1/1 16:36 2:12 0:00
Spencer Machacek 0 0 0 -1 0 0 1 0 1 0 0/0 18:24 2:32 1:23
Tanner Richard 0 0 0 -1 0 1 4 0 0 0 0/4 12:36 0:00 0:00
Teemu Pulkkinen 0 0 0 0 0 2 0 0 0 0 0/0 5:19 0:00 0:00
Zac Rinaldo 0 1 1 -1 0 2 2 0 0 0 12/24 20:40 2:32 3:00
Players Stats for Carnivores
Player Name G A P +/- PIM S H SB GA TA FO MP PP MP PK MP
------------------------------------------------------------------------------------
Adam Pelech 0 0 0 0 0 0 0 0 0 0 0/0 7:07 0:00 0:03
Anton Gustafsson 2 1 3 1 0 7 2 0 0 0 13/29 23:34 3:41 2:25
Blake Geoffrion 0 3 3 1 0 4 3 0 0 0 1/2 19:21 3:41 0:00
Bobby Sanguinetti 0 0 0 -1 0 2 3 2 1 1 0/0 23:22 3:57 2:34
Chris Lawrence 0 2 2 0 0 3 3 0 0 0 0/1 17:05 2:04 1:27
David Schlemko 0 0 0 0 0 1 0 1 0 0 0/0 9:44 0:00 0:00
Frederic St-Denis 0 0 0 0 0 0 0 0 0 0 0/0 2:34 0:00 2:34
Jeremy Welsh 0 0 0 0 0 2 1 0 0 0 0/0 11:16 0:00 0:00
Jeremy Williams 0 1 1 1 4 1 1 0 0 0 1/1 19:46 3:46 0:00
Josh Manson 0 0 0 0 0 0 1 0 0 0 0/0 6:25 0:00 0:00
Mark MacMillan 0 0 0 0 0 0 0 0 0 0 0/0 6:32 0:00 0:00
Mark McNeill 0 0 0 0 2 0 1 0 1 0 0/0 12:18 0:11 0:00
Markus Granlund 0 0 0 1 0 1 0 0 0 0 2/3 11:50 0:11 2:32
Mat Clark 0 0 0 0 2 1 1 1 1 1 0/0 12:16 2:04 0:00
Nate Schmidt 0 0 0 -1 0 0 0 0 1 0 0/0 20:44 0:05 2:12
Nicolas Kerdiles 0 0 0 0 0 0 0 1 1 1 0/0 8:53 0:05 0:33
Ryan Murray 0 0 0 2 0 3 2 1 0 0 0/0 18:00 3:52 0:00
Sasha Pokulok 0 1 1 2 0 3 0 1 0 0 0/0 19:47 2:04 2:09
Scott Laughton 0 0 0 -1 0 1 3 0 0 0 9/13 18:27 2:04 1:08
Steve Begin 2 0 2 0 0 6 1 0 0 0 0/0 16:28 2:04 1:27
Zack Smith 0 0 0 0 0 1 0 0 0 0 3/3 7:47 0:16 0:00
3 Stars
1 - Anton Gustafsson (Bre)
2 - Rhett Rakhshani (Chi)
3 - Blake Geoffrion (Bre)
Power Play
Saguenéens - 1 on 4 Attempt(s) - 25.00%
Carnivores - 1 on 5 Attempt(s) - 20.00%
Penalty Kill
Saguenéens - 4 on 5 Attempt(s) - 80.00%
- Score 0 goal in Penalty Kill
Carnivores - 3 on 4 Attempt(s) - 75.00%
- Score 0 goal in Penalty Kill
Team Stat
Saguenéens - Hits : 34 - Faceoff Wins : 23 - Blocked Shots : 15 - Penalty Minutes : 10
Carnivores - Hits : 22 - Faceoff Wins : 29 - Blocked Shots : 7 - Penalty Minutes : 8
Official
Referees : McCauley Wes and Rehman Kyle
Linesman : Brian Murphy and Brian Mach
Game Notes
Markus Granlund is injured at 6:45 of 3rd period (Sprained Right Knee)
Finance
Level 1 -- Attendance: 1536 (76.80%) -- Ticket Income $61,440
Level 2 -- Attendance: 732 (73.20%) -- Ticket Income $14,640
Total Attendance: 2268 (75.60%)
Total Ticket Income: $76,080
Other Income: $3,804
Total Income: $79,884
Saguenéens
5 vs 5 Forward
Center Left Wing Right Wing Time % Phy DF OF
1 Zac Rinaldo Mason Raymond Spencer Machacek 40 1 2 2
2 Juraj Mikus Carl Hagelin Rhett Rakhshani 30 1 2 2
3 Tanner Richard Craig Cunningham Jerry D'Amigo 20 1 2 2
4 Henrik Samuelsson Teemu Pulkkinen Mason Raymond 10 1 2 2
5 vs 5 Defense
Defense Defense Time % Phy DF OF
1 Brett Lebda Luke Witkowski 40 1 2 2
2 Jake McCabe Nick Mattson 30 1 2 2
3 Nicholas Walters Brett Lebda 20 1 2 2
4 Luke Witkowski Jake McCabe 10 1 2 2
PowerPlay Forward
Center Left Wing Right Wing Time % Phy DF OF
1 Zac Rinaldo Mason Raymond Spencer Machacek 60 1 2 2
2 Juraj Mikus Carl Hagelin Rhett Rakhshani 40 1 2 2
PowerPlay Defense
Defense Defense Time % Phy DF OF
1 Brett Lebda Luke Witkowski 60 1 2 2
2 Jake McCabe Nick Mattson 40 1 2 2
Penalty Kill 4 Players Forward
Center Wing Time % Phy DF OF
1 Mason Raymond Zac Rinaldo 60 1 2 2
2 Spencer Machacek Carl Hagelin 40 1 2 2
Penalty Kill 4 Players Defense
Defense Defense Time % Phy DF OF
1 Brett Lebda Luke Witkowski 60 1 2 2
2 Jake McCabe Nick Mattson 40 1 2 2
Penalty Kill - 3 Players Forward
Forward Time % Phy DF OF
1 Mason Raymond 60 1 2 2
2 Zac Rinaldo 40 1 2 2
Penalty Kill - 3 Players Defense
Defense Defense Time % Phy DF OF
1 Brett Lebda Luke Witkowski 60 1 2 2
2 Jake McCabe Nick Mattson 40 1 2 2
4 vs 4 Forward
Center Wing Time % Phy DF OF
1 Mason Raymond Zac Rinaldo 60 1 2 2
2 Spencer Machacek Carl Hagelin 40 1 2 2
4 vs 4 Defense
Defense Defense Time % Phy DF OF
1 Brett Lebda Luke Witkowski 60 1 2 2
2 Jake McCabe Nick Mattson 40 1 2 2
Last Minutes Offensive
Center Left Wing Right Wing Defense Defense
Zac Rinaldo Mason Raymond Spencer Machacek Brett Lebda Luke Witkowski
Last Minutes Defensive
Center Left Wing Right Wing Defense Defense
Zac Rinaldo Mason Raymond Spencer Machacek Brett Lebda Luke Witkowski
Goaltenders
Starting : Martin Jones
Backup : Garret Sparks
Extra Forwards
Normal : Mikhail Grigorenko, Brody Sutter, Artur Gavrus - PP : Mikhail Grigorenko, Brody Sutter - PK : Artur Gavrus
Extra Defensemen
Normal : Nicholas Walters, Nick Mattson, Brett Lebda - PP : Nicholas Walters - PK : Nick Mattson, Brett Lebda
Penalty Shots
Mason Raymond, Zac Rinaldo, Spencer Machacek, Carl Hagelin, Juraj Mikus
Scratches
Patrick Sieloff (Healthy), Dalton Prout (Right Leg Injury), Calle Andersson (Healthy), Mike Smith (Healthy)
Carnivores
5 vs 5 Forward
Center Left Wing Right Wing Time % Phy DF OF
1 Anton Gustafsson Blake Geoffrion Jeremy Williams 40 1 2 2
2 Scott Laughton Steve Begin Chris Lawrence 30 1 2 2
3 Markus Granlund Jeremy Welsh Mark McNeill 20 1 2 2
4 Zack Smith Nicolas Kerdiles Mark MacMillan 10 1 2 2
5 vs 5 Defense
Defense Defense Time % Phy DF OF
1 Bobby Sanguinetti Nate Schmidt 40 1 2 2
2 Ryan Murray Sasha Pokulok 30 1 2 2
3 Mat Clark David Schlemko 20 1 2 2
4 Josh Manson Adam Pelech 10 1 2 2
PowerPlay Forward
Center Left Wing Right Wing Time % Phy DF OF
1 Anton Gustafsson Blake Geoffrion Jeremy Williams 60 1 2 2
2 Scott Laughton Steve Begin Chris Lawrence 40 1 2 2
PowerPlay Defense
Defense Defense Time % Phy DF OF
1 Ryan Murray Bobby Sanguinetti 60 1 2 2
2 Sasha Pokulok Mat Clark 40 1 2 2
Penalty Kill 4 Players Forward
Center Wing Time % Phy DF OF
1 Anton Gustafsson Markus Granlund 60 1 2 2
2 Chris Lawrence Steve Begin 40 1 2 2
Penalty Kill 4 Players Defense
Defense Defense Time % Phy DF OF
1 Sasha Pokulok Nate Schmidt 60 1 2 2
2 Bobby Sanguinetti Frederic St-Denis 40 1 2 2
Penalty Kill - 3 Players Forward
Forward Time % Phy DF OF
1 Steve Begin 60 1 2 2
2 Anton Gustafsson 40 1 2 2
Penalty Kill - 3 Players Defense
Defense Defense Time % Phy DF OF
1 Sasha Pokulok Nate Schmidt 60 1 2 2
2 Bobby Sanguinetti Frederic St-Denis 40 1 2 2
4 vs 4 Forward
Center Wing Time % Phy DF OF
1 Anton Gustafsson Chris Lawrence 60 1 2 2
2 Scott Laughton Steve Begin 40 1 2 2
4 vs 4 Defense
Defense Defense Time % Phy DF OF
1 Ryan Murray Sasha Pokulok 60 1 2 2
2 Bobby Sanguinetti Nate Schmidt 40 1 2 2
Last Minutes Offensive
Center Left Wing Right Wing Defense Defense
Anton Gustafsson Blake Geoffrion Chris Lawrence Ryan Murray Bobby Sanguinetti
Last Minutes Defensive
Center Left Wing Right Wing Defense Defense
Anton Gustafsson Steve Begin Chris Lawrence Sasha Pokulok Nate Schmidt
Goaltenders
Starting : Mike McKenna
Backup : Antti Raanta
Extra Forwards
Normal : Scott Laughton, Markus Granlund, Anton Gustafsson - PP : Markus Granlund, Zack Smith - PK : Scott Laughton
Extra Defensemen
Normal : Mat Clark, Josh Manson, Adam Pelech - PP : Mat Clark - PK : Adam Pelech, Josh Manson
Penalty Shots
Chris Lawrence, Anton Gustafsson, Blake Geoffrion, Steve Begin, Jeremy Welsh
Scratches
Mark Jankowski (Healthy), Colton Orr (Healthy), Mattias Backman (Healthy), Adam Almquist (Healthy), Stanislav Galiev (Healthy)
Tyler Graovac (Healthy), Patrick McNeill (Healthy), Troy Bourke (Healthy), Alexandre Mallet (Healthy), Michael Schumacher (Healthy)
Daniel Altshuller (Healthy)
% Time on Ice - Saguenéens
Lines # - Real PCT - Wanted PCT - Time Play
Normal Forward
1 - 30% - 40% - 14:21
2 - 32% - 30% - 14:58
3 - 27% - 20% - 12:36
4 - 11% - 10% - 5:19
Normal Defense
1 - 41% - 40% - 19:14
2 - 35% - 30% - 16:31
3 - 19% - 20% - 9:05
4 - 5% - 10% - 2:24
PP Forward
1 - 54% - 60% - 2:34
2 - 46% - 40% - 2:12
PP Defense
1 - 63% - 60% - 3:01
2 - 37% - 40% - 1:45
PK Forward
1 - 77% - 60% - 4:38
2 - 23% - 40% - 1:23
PK Defense
1 - 62% - 60% - 3:44
2 - 38% - 40% - 2:17
PK3 Forward
1 - 0% - 60%
2 - 0% - 40%
PK3 Defense
1 - 0% - 60%
2 - 0% - 40%
44 Forward
1 - 81% - 60% - 1:32
2 - 19% - 40% - 0:22
44 Defense
1 - 63% - 60% - 1:12
2 - 37% - 40% - 0:42
Last Minute Offensive - 0:05
Last Minute Defensive - 0:00
Total
Forward - 60:00
Defense - 60:00
|
% Time on Ice - Carnivores
Lines # - Real PCT - Wanted PCT - Time Play
Normal Forward
1 - 36% - 40% - 16:54
2 - 27% - 30% - 12:32
3 - 24% - 20% - 11:16
4 - 14% - 10% - 6:32
Normal Defense
1 - 37% - 40% - 17:31
2 - 29% - 30% - 13:34
3 - 21% - 20% - 9:44
4 - 14% - 10% - 6:25
PP Forward
1 - 66% - 60% - 3:57
2 - 34% - 40% - 2:04
PP Defense
1 - 64% - 60% - 3:52
2 - 36% - 40% - 2:09
PK Forward
1 - 70% - 60% - 3:19
2 - 30% - 40% - 1:27
PK Defense
1 - 46% - 60% - 2:12
2 - 54% - 40% - 2:34
PK3 Forward
1 - 0% - 60%
2 - 0% - 40%
PK3 Defense
1 - 0% - 60%
2 - 0% - 40%
44 Forward
1 - 82% - 60% - 1:34
2 - 18% - 40% - 0:20
44 Defense
1 - 55% - 60% - 1:03
2 - 45% - 40% - 0:51
Last Minute Offensive - 0:00
Last Minute Defensive - 0:05
Total
Forward - 60:00
Defense - 60:00
|
Play by Play
1st period
0:01 of 1st period - Zac Rinaldo wins face-off versus Anton Gustafsson in neutral zone.
0:26 of 1st period - Jeremy Williams is hit by Brett Lebda and loses puck.
0:57 of 1st period - Snap shot by Anton Gustafsson.
0:57 of 1st period - Shot Hit the Post.
0:59 of 1st period - Slapshot by David Schlemko.
0:59 of 1st period - Stopped by Martin Jones without a rebound.
1:00 of 1st period - Rhett Rakhshani wins face-off versus Scott Laughton in Saguenéens zone.
2:11 of 1st period - Snap shot by Jeremy Welsh.
2:11 of 1st period - Shot Misses the Net.
2:58 of 1st period - Slapshot by Adam Pelech.
2:58 of 1st period - Deflect By Zack Smith.
2:58 of 1st period - Stopped by Martin Jones without a rebound.
2:59 of 1st period - Anton Gustafsson wins face-off versus Juraj Mikus in Saguenéens zone.
3:04 of 1st period - Snap shot by Blake Geoffrion.
3:04 of 1st period - Shot Misses the Net.
3:06 of 1st period - Minor Penalty to Luke Witkowski for Hooking.
3:07 of 1st period - Anton Gustafsson wins face-off versus Mason Raymond in Saguenéens zone.
3:08 of 1st period - Wrist shot by Blake Geoffrion.
3:08 of 1st period - Stopped by Martin Jones without a rebound.
3:09 of 1st period - Mason Raymond wins face-off versus Anton Gustafsson in Saguenéens zone.
3:42 of 1st period - Zac Rinaldo is hit by Ryan Murray and loses puck.
5:06 of 1st period - Penalty to Luke Witkowski is over, Luke Witkowski is back on ice.
5:39 of 1st period - Bobby Sanguinetti is hit by Juraj Mikus.
5:43 of 1st period - Nate Schmidt is hit by Carl Hagelin and loses puck.
7:22 of 1st period - Snap shot by Zac Rinaldo.
7:22 of 1st period - Stopped by Mike McKenna with a rebound.
7:44 of 1st period - Carl Hagelin is hit by Josh Manson and loses puck.
7:55 of 1st period - Ryan Murray is hit by Mason Raymond and loses puck.
8:08 of 1st period - Ryan Murray is hit by Tanner Richard and loses puck.
8:25 of 1st period - Snap shot by Mark McNeill.
8:25 of 1st period - Shot Blocked by Brett Lebda.
9:03 of 1st period - Jeremy Williams is hit by Tanner Richard and loses puck.
9:14 of 1st period - Spencer Machacek is hit by Jeremy Welsh and loses puck.
10:03 of 1st period - Slapshot by Blake Geoffrion.
10:03 of 1st period - Stopped by Martin Jones without a rebound.
10:04 of 1st period - Jeremy Williams wins face-off versus Juraj Mikus in Saguenéens zone.
10:14 of 1st period - Blake Geoffrion is hit by Carl Hagelin and loses puck.
10:49 of 1st period - Ryan Murray is hit by Jerry D'Amigo and loses puck.
10:54 of 1st period - Slapshot by Brett Lebda.
10:54 of 1st period - Shot Misses the Net.
10:56 of 1st period - Slapshot by Brett Lebda.
10:56 of 1st period - Shot Misses the Net.
10:58 of 1st period - Slapshot by Brett Lebda.
10:58 of 1st period - Shot Blocked by Ryan Murray.
11:41 of 1st period - Luke Witkowski is hit by Bobby Sanguinetti.
12:20 of 1st period - Jake McCabe is hit by Anton Gustafsson and loses puck.
12:39 of 1st period - Blake Geoffrion is hit by Carl Hagelin and loses puck.
13:04 of 1st period - Snap shot by Zac Rinaldo.
13:04 of 1st period - Shot Misses the Net.
13:06 of 1st period - Slapshot by Jake McCabe.
13:06 of 1st period - Deflect By Zac Rinaldo.
13:06 of 1st period - Shot Blocked by Sasha Pokulok.
13:06 of 1st period - Puck is out of play.
13:07 of 1st period - Scott Laughton wins face-off versus Tanner Richard in Carnivores zone.
13:32 of 1st period - Jeremy Welsh is hit by Mason Raymond and loses puck.
13:44 of 1st period - Minor Penalty to Mason Raymond for High sticking.
13:45 of 1st period - Scott Laughton wins face-off versus Artur Gavrus in Saguenéens zone.
13:45 of 1st period - Slapshot by Chris Lawrence.
13:45 of 1st period - Shot Misses the Net.
15:07 of 1st period - Jake McCabe is hit by Scott Laughton and loses puck.
15:44 of 1st period - Penalty to Mason Raymond is over, Mason Raymond is back on ice.
16:33 of 1st period - Wrist shot by Juraj Mikus.
16:33 of 1st period - Deflect By Rhett Rakhshani.
16:33 of 1st period - Stopped by Mike McKenna with a rebound.
16:39 of 1st period - Minor Penalty to Mark McNeill for Holding.
16:40 of 1st period - Zac Rinaldo wins face-off versus Anton Gustafsson in Carnivores zone.
17:05 of 1st period - Anton Gustafsson is hit by Juraj Mikus and loses puck.
17:51 of 1st period - Icing by Juraj Mikus.
17:52 of 1st period - Juraj Mikus wins face-off versus Chris Lawrence in Saguenéens zone.
18:39 of 1st period - Penalty to Mark McNeill is over, Mark McNeill is back on ice.
19:41 of 1st period - Wrist shot by Steve Begin.
19:41 of 1st period - Goal by Steve Begin - Saguenéens : 0 - Carnivores : 1.
19:42 of 1st period - Anton Gustafsson wins face-off versus Zac Rinaldo in neutral zone.
19:49 of 1st period - Wrist shot by Blake Geoffrion.
19:49 of 1st period - Stopped by Martin Jones with a rebound.
Goals for this period are 0 for Saguenéens vs 1 for Carnivores.
Shots for this period are 2 for Saguenéens vs 6 for Carnivores.
2nd period
0:01 of 2nd period - Scott Laughton wins face-off versus Zac Rinaldo in neutral zone.
0:10 of 2nd period - Snap shot by Chris Lawrence.
0:10 of 2nd period - Stopped by Martin Jones with a rebound.
0:12 of 2nd period - Wrist shot by Steve Begin.
0:12 of 2nd period - Stopped by Martin Jones without a rebound.
0:13 of 2nd period - Anton Gustafsson wins face-off versus Zac Rinaldo in Saguenéens zone.
0:30 of 2nd period - Zac Rinaldo is hit by Blake Geoffrion and loses puck.
0:57 of 2nd period - Steve Begin is hit by Carl Hagelin and loses puck.
1:12 of 2nd period - Steve Begin is hit by Luke Witkowski and loses puck.
1:25 of 2nd period - Brett Lebda is hit by Steve Begin and loses puck.
1:30 of 2nd period - Backhand shot by Chris Lawrence.
1:30 of 2nd period - Stopped by Martin Jones with a rebound.
1:32 of 2nd period - Slapshot by Nate Schmidt.
1:32 of 2nd period - Shot Blocked by Luke Witkowski.
1:34 of 2nd period - Slapshot by Bobby Sanguinetti.
1:34 of 2nd period - Stopped by Martin Jones with a rebound.
1:36 of 2nd period - Snap shot by Steve Begin.
1:36 of 2nd period - Shot Misses the Net.
1:38 of 2nd period - Wrist shot by Steve Begin.
1:38 of 2nd period - Stopped by Martin Jones without a rebound.
1:39 of 2nd period - Anton Gustafsson wins face-off versus Zac Rinaldo in Saguenéens zone.
2:06 of 2nd period - Markus Granlund is hit by Craig Cunningham and loses puck.
2:11 of 2nd period - Slapshot by Tanner Richard.
2:11 of 2nd period - Stopped by Mike McKenna without a rebound.
2:12 of 2nd period - Markus Granlund wins face-off versus Tanner Richard in Carnivores zone.
2:17 of 2nd period - Slapshot by Mat Clark.
2:17 of 2nd period - Stopped by Martin Jones with a rebound.
2:19 of 2nd period - Wrist shot by Jeremy Welsh.
2:19 of 2nd period - Shot Blocked by Jake McCabe.
2:21 of 2nd period - Snap shot by David Schlemko.
2:21 of 2nd period - Shot Blocked by Jake McCabe.
2:23 of 2nd period - Slapshot by Mark McNeill.
2:23 of 2nd period - Shot Misses the Net.
2:25 of 2nd period - Wrist shot by Mat Clark.
2:25 of 2nd period - Shot Misses the Net.
2:27 of 2nd period - Snap shot by Mark McNeill.
2:27 of 2nd period - Shot Blocked by Jake McCabe.
3:13 of 2nd period - Teemu Pulkkinen is hit by Scott Laughton and loses puck.
4:07 of 2nd period - Wrist shot by Anton Gustafsson.
4:07 of 2nd period - Stopped by Martin Jones with a rebound.
4:23 of 2nd period - Jake McCabe is hit by Chris Lawrence.
4:43 of 2nd period - Snap shot by Ryan Murray.
4:43 of 2nd period - Deflect By Zack Smith.
4:43 of 2nd period - Shot Misses the Net.
4:43 of 2nd period - Puck is out of play.
4:44 of 2nd period - Anton Gustafsson wins face-off versus Tanner Richard in Saguenéens zone.
4:45 of 2nd period - Snap shot by Blake Geoffrion.
4:45 of 2nd period - Shot Blocked by Luke Witkowski.
4:53 of 2nd period - Brett Lebda is hit by Ryan Murray and loses puck.
5:02 of 2nd period - Anton Gustafsson is hit by Luke Witkowski and loses puck.
5:19 of 2nd period - Anton Gustafsson is hit by Craig Cunningham and loses puck.
5:30 of 2nd period - Slapshot by Craig Cunningham.
5:30 of 2nd period - Shot Misses the Net.
5:32 of 2nd period - Slapshot by Brett Lebda.
5:32 of 2nd period - Stopped by Mike McKenna with a rebound.
5:34 of 2nd period - Slapshot by Luke Witkowski.
5:34 of 2nd period - Stopped by Mike McKenna with a rebound.
5:36 of 2nd period - Minor Penalty to Jeremy Williams for Roughing.
5:37 of 2nd period - Anton Gustafsson wins face-off versus Zac Rinaldo in Carnivores zone.
7:36 of 2nd period - Penalty to Jeremy Williams is over, Jeremy Williams is back on ice.
8:10 of 2nd period - Jerry D'Amigo is hit by Mark McNeill and loses puck.
8:55 of 2nd period - Snap shot by Steve Begin.
8:55 of 2nd period - Goal by Steve Begin - Saguenéens : 0 - Carnivores : 2.
8:56 of 2nd period - Scott Laughton wins face-off versus Zac Rinaldo in neutral zone.
9:03 of 2nd period - Wrist shot by Steve Begin.
9:03 of 2nd period - Stopped by Martin Jones with a rebound.
9:38 of 2nd period - Anton Gustafsson is hit by Rhett Rakhshani and loses puck.
9:53 of 2nd period - Snap shot by Anton Gustafsson.
9:53 of 2nd period - Shot Blocked by Rhett Rakhshani.
9:55 of 2nd period - Slapshot by Sasha Pokulok.
9:55 of 2nd period - Stopped by Martin Jones without a rebound.
9:56 of 2nd period - Scott Laughton wins face-off versus Zac Rinaldo in Saguenéens zone.
12:02 of 2nd period - Slapshot by Ryan Murray.
12:02 of 2nd period - Stopped by Martin Jones with a rebound.
12:32 of 2nd period - Snap shot by Steve Begin.
12:32 of 2nd period - Stopped by Martin Jones with a rebound.
13:36 of 2nd period - Mat Clark is hit by Juraj Mikus and loses puck.
13:57 of 2nd period - Wrist shot by Chris Lawrence.
13:57 of 2nd period - Shot Blocked by Jerry D'Amigo.
14:07 of 2nd period - Jeremy Welsh is hit by Rhett Rakhshani and loses puck.
14:22 of 2nd period - Snap shot by Anton Gustafsson.
14:22 of 2nd period - Stopped by Martin Jones with a rebound.
14:28 of 2nd period - Teemu Pulkkinen is hit by Jeremy Williams and loses puck.
15:23 of 2nd period - Off-side.
15:24 of 2nd period - Scott Laughton wins face-off versus Juraj Mikus in neutral zone.
15:30 of 2nd period - Icing by Nick Mattson.
15:31 of 2nd period - Juraj Mikus wins face-off versus Scott Laughton in Saguenéens zone.
15:31 of 2nd period - Juraj Mikus is hit by Chris Lawrence.
15:56 of 2nd period - Backhand shot by Rhett Rakhshani.
15:56 of 2nd period - Goal by Rhett Rakhshani - Saguenéens : 1 - Carnivores : 2.
15:57 of 2nd period - Blake Geoffrion wins face-off versus Zac Rinaldo in neutral zone.
16:08 of 2nd period - Slapshot by Anton Gustafsson.
16:08 of 2nd period - Stopped by Martin Jones with a rebound.
16:10 of 2nd period - Slapshot by Jeremy Williams.
16:10 of 2nd period - Shot Misses the Net.
16:12 of 2nd period - Snap shot by Bobby Sanguinetti.
16:12 of 2nd period - Deflect By Jeremy Williams.
16:12 of 2nd period - Shot Misses the Net.
16:12 of 2nd period - Puck is out of play.
16:13 of 2nd period - Scott Laughton wins face-off versus Juraj Mikus in Saguenéens zone.
16:24 of 2nd period - Snap shot by Rhett Rakhshani.
16:24 of 2nd period - Stopped by Mike McKenna with a rebound.
16:26 of 2nd period - Slapshot by Luke Witkowski.
16:26 of 2nd period - Deflect By Scott Laughton.
16:26 of 2nd period - Stopped by Mike McKenna without a rebound.
16:27 of 2nd period - Anton Gustafsson wins face-off versus Zac Rinaldo in Carnivores zone.
16:27 of 2nd period - Anton Gustafsson is hit by Spencer Machacek.
16:43 of 2nd period - Slapshot by Spencer Machacek.
16:43 of 2nd period - Shot Misses the Net.
16:59 of 2nd period - Carl Hagelin is hit by Chris Lawrence and loses puck.
17:36 of 2nd period - Wrist shot by Mason Raymond.
17:36 of 2nd period - Shot Blocked by Nicolas Kerdiles.
17:38 of 2nd period - Slapshot by Nick Mattson.
17:38 of 2nd period - Stopped by Mike McKenna with a rebound.
17:40 of 2nd period - Snap shot by Teemu Pulkkinen.
17:40 of 2nd period - Stopped by Mike McKenna without a rebound.
17:41 of 2nd period - Zack Smith wins face-off versus Henrik Samuelsson in Carnivores zone.
17:52 of 2nd period - Snap shot by Henrik Samuelsson.
17:52 of 2nd period - Stopped by Mike McKenna without a rebound.
17:53 of 2nd period - Zac Rinaldo wins face-off versus Anton Gustafsson in Carnivores zone.
18:19 of 2nd period - Juraj Mikus is hit by Scott Laughton and loses puck.
18:47 of 2nd period - Slapshot by Craig Cunningham.
18:47 of 2nd period - Shot Misses the Net.
19:02 of 2nd period - Minor Penalty to Mat Clark for Hooking.
19:03 of 2nd period - Zac Rinaldo wins face-off versus Anton Gustafsson in Carnivores zone.
19:39 of 2nd period - Wrist shot by Luke Witkowski.
19:39 of 2nd period - Stopped by Mike McKenna with a rebound.
19:41 of 2nd period - Slapshot by Brett Lebda.
19:41 of 2nd period - Shot Blocked by Bobby Sanguinetti.
19:43 of 2nd period - Slapshot by Luke Witkowski.
19:43 of 2nd period - Stopped by Mike McKenna without a rebound.
19:44 of 2nd period - Zac Rinaldo wins face-off versus Markus Granlund in Carnivores zone.
19:45 of 2nd period - Snap shot by Mason Raymond.
19:45 of 2nd period - Goal by Mason Raymond - Saguenéens : 2 - Carnivores : 2.
19:46 of 2nd period - Zac Rinaldo wins face-off versus Blake Geoffrion in neutral zone.
19:57 of 2nd period - Wrist shot by Zac Rinaldo.
19:57 of 2nd period - Shot Blocked by Bobby Sanguinetti.
Goals for this period are 2 for Saguenéens vs 1 for Carnivores.
Shots for this period are 12 for Saguenéens vs 14 for Carnivores.
3rd period
0:01 of 3rd period - Mason Raymond wins face-off versus Anton Gustafsson in neutral zone.
0:06 of 3rd period - Bobby Sanguinetti is hit by Zac Rinaldo and loses puck.
0:27 of 3rd period - Luke Witkowski is hit by Bobby Sanguinetti and loses puck.
1:07 of 3rd period - Icing by Jerry D'Amigo.
1:08 of 3rd period - Zack Smith wins face-off versus Craig Cunningham in Saguenéens zone.
1:21 of 3rd period - Wrist shot by Jerry D'Amigo.
1:21 of 3rd period - Shot Misses the Net.
2:41 of 3rd period - Snap shot by Spencer Machacek.
2:41 of 3rd period - Shot Hit the Post.
2:43 of 3rd period - Snap shot by Mason Raymond.
2:43 of 3rd period - Shot Blocked by Mat Clark.
2:53 of 3rd period - Mark McNeill is hit by Tanner Richard and loses puck.
3:04 of 3rd period - Mark McNeill is hit by Carl Hagelin and loses puck.
3:13 of 3rd period - Wrist shot by Markus Granlund.
3:13 of 3rd period - Deflect By Mason Raymond.
3:13 of 3rd period - Stopped by Martin Jones with a rebound.
3:15 of 3rd period - Wrist shot by Markus Granlund.
3:15 of 3rd period - Shot Blocked by Nick Mattson.
3:17 of 3rd period - Wrist shot by Jeremy Welsh.
3:17 of 3rd period - Shot Misses the Net.
3:19 of 3rd period - Snap shot by Jeremy Welsh.
3:19 of 3rd period - Deflect By Markus Granlund.
3:19 of 3rd period - Shot Blocked by Nicholas Walters.
3:19 of 3rd period - Puck is out of play.
3:20 of 3rd period - Anton Gustafsson wins face-off versus Juraj Mikus in Saguenéens zone.
3:23 of 3rd period - Snap shot by Jeremy Williams.
3:23 of 3rd period - Shot Misses the Net.
3:49 of 3rd period - Snap shot by Steve Begin.
3:49 of 3rd period - Shot Misses the Net.
4:29 of 3rd period - Slapshot by Brett Lebda.
4:29 of 3rd period - Stopped by Mike McKenna with a rebound.
4:31 of 3rd period - Wrist shot by Teemu Pulkkinen.
4:31 of 3rd period - Stopped by Mike McKenna with a rebound.
4:42 of 3rd period - Minor Penalty to Nick Mattson for Close Hand On Puck.
4:43 of 3rd period - Mason Raymond wins face-off versus Anton Gustafsson in Saguenéens zone.
4:53 of 3rd period - Icing by Jeremy Williams.
4:54 of 3rd period - Anton Gustafsson wins face-off versus Mason Raymond in Carnivores zone.
5:01 of 3rd period - Wrist shot by Zac Rinaldo.
5:01 of 3rd period - Stopped by Mike McKenna with a rebound.
5:07 of 3rd period - Jeremy Williams is hit by Brett Lebda and loses puck.
5:14 of 3rd period - Sasha Pokulok is hit by Mason Raymond.
5:33 of 3rd period - Carl Hagelin is hit by Blake Geoffrion and loses puck.
5:38 of 3rd period - Slapshot by Anton Gustafsson.
5:38 of 3rd period - Shot Misses the Net.
5:40 of 3rd period - Slapshot by Ryan Murray.
5:40 of 3rd period - Shot Misses the Net.
5:42 of 3rd period - Wrist shot by Ryan Murray.
5:42 of 3rd period - Stopped by Martin Jones with a rebound.
6:07 of 3rd period - Snap shot by Blake Geoffrion.
6:07 of 3rd period - Shot Misses the Net.
6:09 of 3rd period - Slapshot by Bobby Sanguinetti.
6:09 of 3rd period - Deflect By Craig Cunningham.
6:09 of 3rd period - Stopped by Martin Jones with a rebound.
6:27 of 3rd period - Wrist shot by Anton Gustafsson.
6:27 of 3rd period - Goal by Anton Gustafsson - Saguenéens : 2 - Carnivores : 3.
6:28 of 3rd period - Zac Rinaldo wins face-off versus Scott Laughton in neutral zone.
6:37 of 3rd period - Slapshot by Mason Raymond.
6:37 of 3rd period - Stopped by Mike McKenna with a rebound.
6:39 of 3rd period - Slapshot by Luke Witkowski.
6:39 of 3rd period - Stopped by Mike McKenna with a rebound.
6:41 of 3rd period - Slapshot by Spencer Machacek.
6:41 of 3rd period - Shot Blocked by David Schlemko.
6:43 of 3rd period - Slapshot by Mason Raymond.
6:43 of 3rd period - Deflect By Zac Rinaldo.
6:43 of 3rd period - Shot Misses the Net.
6:43 of 3rd period - Puck is out of play.
6:44 of 3rd period - Markus Granlund wins face-off versus Juraj Mikus in Carnivores zone.
6:44 of 3rd period - Markus Granlund is hit by Juraj Mikus.
6:45 of 3rd period - Markus Granlund from Carnivores is injured at 6:45 of 3rd period (Sprained Right Knee).
6:46 of 3rd period - Zac Rinaldo wins face-off versus Anton Gustafsson in Carnivores zone.
6:59 of 3rd period - Wrist shot by Spencer Machacek.
6:59 of 3rd period - Deflect By Mason Raymond.
6:59 of 3rd period - Shot Misses the Net.
6:59 of 3rd period - Puck is out of play.
7:00 of 3rd period - Zac Rinaldo wins face-off versus Anton Gustafsson in Carnivores zone.
7:32 of 3rd period - Wrist shot by Jeremy Welsh.
7:32 of 3rd period - Stopped by Martin Jones without a rebound.
7:33 of 3rd period - Anton Gustafsson wins face-off versus Juraj Mikus in Saguenéens zone.
7:34 of 3rd period - Snap shot by Jeremy Williams.
7:34 of 3rd period - Shot Blocked by Jake McCabe.
7:36 of 3rd period - Wrist shot by Jeremy Williams.
7:36 of 3rd period - Shot Blocked by Jake McCabe.
7:38 of 3rd period - Snap shot by Jeremy Williams.
7:38 of 3rd period - Shot Blocked by Juraj Mikus.
7:40 of 3rd period - Snap shot by Blake Geoffrion.
7:40 of 3rd period - Stopped by Martin Jones with a rebound.
7:42 of 3rd period - Slapshot by Sasha Pokulok.
7:42 of 3rd period - Shot Blocked by Juraj Mikus.
7:44 of 3rd period - Wrist shot by Blake Geoffrion.
7:44 of 3rd period - Shot Misses the Net.
7:46 of 3rd period - Backhand shot by Jeremy Williams.
7:46 of 3rd period - Deflect By Anton Gustafsson.
7:46 of 3rd period - Stopped by Martin Jones with a rebound.
8:10 of 3rd period - Sasha Pokulok is hit by Tanner Richard and loses puck.
8:14 of 3rd period - Ryan Murray is hit by Jerry D'Amigo and loses puck.
8:49 of 3rd period - Snap shot by Juraj Mikus.
8:49 of 3rd period - Shot Misses the Net.
9:15 of 3rd period - Wrist shot by Scott Laughton.
9:15 of 3rd period - Stopped by Martin Jones with a rebound.
9:44 of 3rd period - Snap shot by Rhett Rakhshani.
9:44 of 3rd period - Goal by Rhett Rakhshani - Saguenéens : 3 - Carnivores : 3.
9:45 of 3rd period - Zac Rinaldo wins face-off versus Anton Gustafsson in neutral zone.
10:12 of 3rd period - Nate Schmidt is hit by Juraj Mikus and loses puck.
10:19 of 3rd period - Wrist shot by Carl Hagelin.
10:19 of 3rd period - Stopped by Mike McKenna with a rebound.
10:33 of 3rd period - Wrist shot by Craig Cunningham.
10:33 of 3rd period - Stopped by Mike McKenna without a rebound.
10:34 of 3rd period - Zack Smith wins face-off versus Tanner Richard in Carnivores zone.
10:34 of 3rd period - Zack Smith is hit by Nicholas Walters.
10:44 of 3rd period - Snap shot by Jerry D'Amigo.
10:44 of 3rd period - Stopped by Mike McKenna with a rebound.
10:46 of 3rd period - Snap shot by Jerry D'Amigo.
10:46 of 3rd period - Stopped by Mike McKenna without a rebound.
10:47 of 3rd period - Zac Rinaldo wins face-off versus Anton Gustafsson in Carnivores zone.
11:16 of 3rd period - Slapshot by Sasha Pokulok.
11:16 of 3rd period - Stopped by Martin Jones with a rebound.
11:18 of 3rd period - Slapshot by Sasha Pokulok.
11:18 of 3rd period - Stopped by Martin Jones with a rebound.
11:20 of 3rd period - Slapshot by Sasha Pokulok.
11:20 of 3rd period - Shot Blocked by Luke Witkowski.
11:22 of 3rd period - Wrist shot by Chris Lawrence.
11:22 of 3rd period - Shot Misses the Net.
12:30 of 3rd period - Wrist shot by Juraj Mikus.
12:30 of 3rd period - Shot Misses the Net.
13:13 of 3rd period - Mason Raymond is hit by Bobby Sanguinetti and loses puck.
13:18 of 3rd period - Slapshot by Ryan Murray.
13:18 of 3rd period - Stopped by Martin Jones without a rebound.
13:19 of 3rd period - Juraj Mikus wins face-off versus Anton Gustafsson in Saguenéens zone.
13:29 of 3rd period - Mark McNeill is hit by Juraj Mikus and loses puck.
13:48 of 3rd period - Tanner Richard is hit by Mat Clark and loses puck.
13:55 of 3rd period - Zack Smith is hit by Craig Cunningham and loses puck.
14:13 of 3rd period - Snap shot by Chris Lawrence.
14:13 of 3rd period - Stopped by Martin Jones without a rebound.
14:14 of 3rd period - Zac Rinaldo wins face-off versus Anton Gustafsson in Saguenéens zone.
14:14 of 3rd period - Zac Rinaldo is hit by Anton Gustafsson.
14:48 of 3rd period - Wrist shot by Jeremy Welsh.
14:48 of 3rd period - Stopped by Martin Jones without a rebound.
14:49 of 3rd period - Juraj Mikus wins face-off versus Anton Gustafsson in Saguenéens zone.
14:49 of 3rd period - Juraj Mikus is hit by Blake Geoffrion.
14:55 of 3rd period - Wrist shot by Rhett Rakhshani.
14:55 of 3rd period - Deflect By Blake Geoffrion.
14:55 of 3rd period - Stopped by Mike McKenna without a rebound.
14:56 of 3rd period - Juraj Mikus wins face-off versus Anton Gustafsson in Carnivores zone.
15:07 of 3rd period - Snap shot by Carl Hagelin.
15:07 of 3rd period - Stopped by Mike McKenna without a rebound.
15:08 of 3rd period - Anton Gustafsson wins face-off versus Zac Rinaldo in Carnivores zone.
15:08 of 3rd period - Anton Gustafsson is hit by Zac Rinaldo.
15:11 of 3rd period - Minor Penalty to Jeremy Williams for Interference.
15:12 of 3rd period - Anton Gustafsson wins face-off versus Zac Rinaldo in Carnivores zone.
15:16 of 3rd period - Minor Penalty to Brett Lebda for Diving.
15:17 of 3rd period - Mason Raymond wins face-off versus Anton Gustafsson in Saguenéens zone.
17:11 of 3rd period - Penalty to Jeremy Williams is over, Jeremy Williams is back on ice.
17:16 of 3rd period - Penalty to Brett Lebda is over, Brett Lebda is back on ice.
17:18 of 3rd period - Snap shot by Jeremy Williams.
17:18 of 3rd period - Stopped by Martin Jones without a rebound.
17:19 of 3rd period - Juraj Mikus wins face-off versus Scott Laughton in Saguenéens zone.
18:03 of 3rd period - Wrist shot by Mason Raymond.
18:03 of 3rd period - Stopped by Mike McKenna with a rebound.
18:59 of 3rd period - Blake Geoffrion is hit by Rhett Rakhshani and loses puck.
19:29 of 3rd period - Slapshot by Blake Geoffrion.
19:29 of 3rd period - Shot Misses the Net.
19:31 of 3rd period - Snap shot by Sasha Pokulok.
19:31 of 3rd period - Shot Misses the Net.
19:33 of 3rd period - Wrist shot by Jeremy Williams.
19:33 of 3rd period - Shot Misses the Net.
19:35 of 3rd period - Slapshot by Sasha Pokulok.
19:35 of 3rd period - Deflect By Anton Gustafsson.
19:35 of 3rd period - Stopped by Martin Jones with a rebound.
19:37 of 3rd period - Slapshot by Sasha Pokulok.
19:37 of 3rd period - Shot Hit the Post.
19:41 of 3rd period - Backhand shot by Anton Gustafsson.
19:41 of 3rd period - Goal by Anton Gustafsson - Saguenéens : 3 - Carnivores : 4.
19:42 of 3rd period - Scott Laughton wins face-off versus Zac Rinaldo in neutral zone.
19:46 of 3rd period - Minor Penalty to Luke Witkowski for Hooking.
19:47 of 3rd period - Scott Laughton wins face-off versus Mason Raymond in Saguenéens zone.
Goals for this period are 1 for Saguenéens vs 2 for Carnivores.
Shots for this period are 13 for Saguenéens vs 16 for Carnivores.
Back to the Top